Map: Catalyst LE

Players

CinDra - Winner!

  • Race: Protoss Protoss
  • Spawn Location: 5:00

A.I. 1 (Easy)

  • Race: Protoss Protoss
  • Spawn Location: 11:00

VOD

Have the link to the VOD?

Description

Time

  • Played on: Jan. 19, 2018, 9:42 p.m.
  • Length: 11:42
Show
View Real Time Build Order
Export as new Build Order

CinDra Protoss - Winner!

Build Orders:  

Get SALT Encoding   

  12  0:01  Probe  
  13  0:13  Probe  
  15  0:28  Probe  
  15  0:31  Pylon  
  15  0:49  Probe (Chrono Boost)  
  16  0:51  Gateway  
  16  0:56  Assimilator  
  16  1:01  Probe (Chrono Boost)  
  17  1:09  Probe (Chrono Boost)  
  18  1:15  Probe (Chrono Boost)  
  19  1:21  Pylon  
  19  1:27  Probe (Chrono Boost)  
  20  1:40  Cybernetics Core  
  20  1:42  Zealot  
  22  1:59  Nexus  
  22  2:00  Probe  
  23  2:12  Probe  
  23  2:14  Warp Gate (Chrono Boost)  
  24  2:15  Zealot  
  26  2:25  Probe  
  27  2:30  Assimilator  
  27  2:37  Probe  
  28  2:49  Probe  
  29  3:01  Probe  
  30  3:11  Adept  
  30  3:12  Pylon  
  32  3:20  Pylon  
  32  3:23  Probe x2 (Chrono Boost)  
  34  3:32  Probe x2 (Chrono Boost)  
  36  3:37  Probe x2 (Chrono Boost)  
  38  3:48  Gateway x2  
  38  3:49  Probe x2  
  40  4:13  Adept  
  42  4:20  Probe x2  
  44  4:32  Probe x2  
  44  4:33  Gateway  
  44  4:34  Gateway  
  46  4:41  Adept  
  48  4:45  Adept x2  
  53  4:52  Probe  
  53  4:53  Probe  
  53  4:57  Assimilator  
  54  5:00  Assimilator  
  54  5:05  Probe x2  
  56  5:09  Robotics Facility  
  56  5:15  Adept x3  
  62  5:22  Pylon  
  62  5:25  Pylon  
  62  5:40  Probe x2  
  64  5:43  Pylon  
  64  5:47  Pylon  
  64  5:50  Adept x2  
  64  5:51  Adept  
  64  5:52  Pylon, Probe x2 (Chrono Boost)  
  72  6:04  Probe x2 (Chrono Boost)  
  74  6:10  Observer (Chrono Boost)  
  74  6:11  Gateway x2  
  75  6:13  Gateway  
  75  6:18  Adept x4  
  75  6:19  Adept  
  83  6:40  Adept x3  
  83  6:41  Adept x2  
  83  6:43  Nexus  
  93  6:48  Pylon  
  93  6:50  Pylon  
  93  6:53  Pylon  
  93  6:56  Pylon  
  93  6:58  Immortal  
  97  7:05  Adept  
  98  7:27  Adept x2  
  98  7:28  Adept x3  
  108  7:38  Immortal  
  112  7:49  Probe x2  
  112  7:50  Robotics Bay  
  114  8:01  Probe  
  114  8:03  Adept x2  
  114  8:04  Adept x3  
  125  8:33  Adept  
  125  8:34  Adept x5  
  131  8:35  Adept x2  
  141  8:42  Pylon  
  141  8:43  Extended Thermal Lance (Chrono Boost), Pylon  
  141  8:44  Pylon  
  141  8:45  Pylon  
  141  8:50  Probe x3  
  144  9:02  Probe (Chrono Boost)  
  147  9:04  Colossus (Chrono Boost)  
  147  9:06  Probe (Chrono Boost)  
  147  9:07  Probe (Chrono Boost)  
  153  9:13  Probe (Chrono Boost)  
  153  9:14  Adept x2  
  153  9:15  Adept x3  
  153  9:16  Probe x2 (Chrono Boost)  
  166  9:32  Adept x3  
  172  10:06  Adept  
  172  10:07  Adept x3  
  176  10:13  Pylon x2  
  180  10:15  Pylon  
  180  10:16  Pylon x2  
  180  10:21  Pylon  
  176  10:50  Adept  
  176  10:51  Adept x5  
  176  10:52  Adept  
  190  11:16  Adept  
  190  11:17  Adept x4  
Show
View Real Time Build Order
Export as new Build Order

A.I. 1 (Easy) Protoss 

Build Orders:  

Get SALT Encoding   

  12  0:00  Probe  
  13  0:13  Probe  
  14  0:20  Pylon  
  14  0:25  Probe  
  15  0:38  Probe  
  16  0:45  Assimilator  
  16  0:50  Gateway  
  16  0:54  Pylon  
  16  1:18  Assimilator  
  18  1:40  Zealot  
  18  1:41  Cybernetics Core  
  18  1:46  Probe  
  19  1:58  Pylon  
  19  2:02  Probe  
  20  2:14  Probe  
  21  2:17  Warp Gate  
  21  2:19  Adept  
  23  2:26  Probe  
  24  2:38  Probe  
  25  2:46  Adept  
  25  2:50  Probe  
  28  3:13  Stalker  
  30  5:44  Probe, Zealot  
  30  5:46  Pylon  
  33  6:04  Probe  
  33  6:06  Stalker  
  33  6:07  Robotics Facility  
  33  6:09  Pylon  
  36  6:16  Probe  
  35  6:29  Probe, Stalker  
  32  6:50  Nexus  
  32  6:52  Sentry  
  34  6:55  Observer  
  35  7:15  Zealot  
  37  7:16  Observer  
  38  7:37  Adept  
  40  7:59  Stalker  
  40  8:03  Probe  
  43  8:07  Probe  
  43  8:11  Assimilator  
  44  8:15  Probe, Assimilator  
  44  8:19  Probe  
  46  8:27  Probe  
  46  8:31  Probe  
  48  8:39  Probe  
  49  8:43  Probe  
  50  8:51  Probe  
  51  8:55  Probe  
  52  9:03  Probe  
  52  9:08  Probe  
  54  9:15  Probe  
  55  9:20  Probe  
  56  9:27  Probe  
  57  9:32  Probe  
  58  9:40  Probe  
  58  9:44  Probe  
  60  9:52  Probe  
  61  9:56  Probe  
  62  10:25  Zealot  
  56  10:32  Warp Prism  
  56  10:34  Gateway  
  52  10:36  Forge  
  52  10:37  Stargate, Robotics Bay  
  52  10:39  Pylon  
  51  10:45  Zealot, Probe  
  27  10:57  Probe  
  27  11:09  Probe  
  29  11:12  Pylon  
  20  11:30  Nexus  
  15  11:37  Robotics Facility  
Tags
 
Matchup
PvP
Spawn Locations
Cross Positions
Add a new tag
Caveats
  • Supply blocks, unpowered buildings, or Contaminate may cause inaccurate times.
  • Supply counts are checked every 10 seconds.